 Dungeon Crawl Stone Soup version 0.18-a0-125-g4c9da24 (webtiles) character file.

297532 Proton the Tortoise (level 20, -3/132 HPs)
             Began as a Gargoyle Fighter on Nov 21, 2015.
             Was the Champion of Qazlal.
             Slain by a white very ugly thing (26 damage)
             ... on level 1 of the Abyss.
             The game lasted 01:39:51 (40883 turns).

Proton the Tortoise (Gargoyle Fighter)             Turns: 40883, Time: 01:39:51

Health: -3/132     AC: 48    Str: 35    XL:     20   Next: 94%
Magic:  50/50      EV: 14    Int: 19    God:    Qazlal [******]
Gold:   4224       SH: 24    Dex: 10    Spells: 0 memorised, 19 levels left

rFire  + + .     SeeInvis +     M - +4 flail of Debt {crush, *Noise rN+ MP+9 SInv}
rCold  + . .     Clarity  +     K - +6 plate armour of the Last Wishes {rF++}
rNeg   + + .     SustAt   .     T - +0 shield of Filth {rElec Int+10}
rPois  ∞         Gourm    .     I - +2 hat
rElec  +         Spirit   .     U - +1 cloak "Eliprisk" {rElec MP+9 Stlth+}
rCorr  .         Warding  .     i - +1 pair of gloves
rMut   .         Stasis   .     l - +0 pair of boots
MR     ++...                    R - amulet of clarity
Stlth  ..........               w - +5 ring of strength
                                x - ring of ice

@: flying, repel missiles, very resistant to hostile enchantments, extremely
unstealthy
A: big wings, horns 1, berserk 1, fire resistance 1, magic resistance 1,
mutation resistance 1, negative energy resistance 1, shaggy fur 1, electricity
resistance, slow regeneration 1, strong 1, unbreathing, petrification
resistance, rot immunity, AC +15
a: Stop Flying, Upheaval, Elemental Force, Disaster Area, Renounce Religion
}: 2/15 runes: decaying, gossamer


You were on level 1 of the Abyss.
You worshipped Qazlal.
Qazlal was exalted by your worship.
You were not hungry.

You visited 7 branches of the dungeon, and saw 39 of its levels.
You visited the Abyss 1 time.
You also visited: Sewer, Ice Cave and Volcano.

You collected 4699 gold pieces.
You spent 475 gold pieces at shops.

Inventory:

Hand Weapons
 M - the +4 flail of Debt (weapon) {crush, *Noise rN+ MP+9 SInv}
   (You found it on level 11 of the Dungeon)

   It inflicts extra damage upon your enemies.
   It protects you from negative energy.
   It affects your magic capacity (+9).
   It lets you see invisible.
   It may make noises in combat.
Armour
 i - a +1 pair of gloves (worn)
 l - a +0 pair of boots (worn)
 I - a +2 hat (worn)
 K - the +6 plate armour of the Last Wishes (worn) {rF++}
   (You found it on level 10 of the Dungeon)

   It greatly protects you from fire.
 L - the +3 ring mail "Dimoza" {rCorr Int+4}
   (You found it on level 1 of the Lair of Beasts)

   It affects your intelligence (+4).
   It protects you from acid and corrosion.
 T - the +0 shield of Filth (worn) {rElec Int+10}
   (You found it on level 2 of the Lair of Beasts)

   It affects your intelligence (+10).
   It insulates you from electricity.
 U - the +1 cloak "Eliprisk" (worn) {rElec MP+9 Stlth+}
   (You found it on level 2 of the Lair of Beasts)

   It insulates you from electricity.
   It affects your magic capacity (+9).
   It makes you more stealthy.
Jewellery
 n - an uncursed amulet of resist mutation
 p - an uncursed ring of ice
 w - a +5 ring of strength (right hand)
 x - a ring of ice (left hand)
 J - an uncursed ring of protection from fire
 R - an amulet of clarity (around neck)
Wands
 Q - a wand of disintegration (12)
Scrolls
 b - 9 scrolls of enchant weapon
 e - 8 scrolls of blinking
 g - 5 scrolls of fear
 k - 18 scrolls of remove curse
 t - 9 scrolls of recharging
 u - a scroll of brand weapon
 y - 9 scrolls of enchant armour
 A - 4 scrolls of noise
 B - 4 scrolls of fog
 E - 4 scrolls of amnesia
 F - 11 scrolls of teleportation
 G - 6 scrolls of magic mapping
 P - a scroll of holy word
 X - a scroll of summoning
 Z - a scroll of silence
Potions
 d - 15 potions of might
 h - 6 potions of haste
 j - 13 potions of curing
 m - 7 potions of brilliance
 q - 9 potions of agility
 r - 2 potions of resistance
 s - 5 potions of lignification
 z - 2 potions of cure mutation
 C - 5 potions of magic
 H - 10 potions of heal wounds
 S - a potion of invisibility
 W - 2 potions of berserk rage
Comestibles
 a - 28 fruits
 o - 10 bread rations


   Skills:
 + Level 16.5 Fighting
 + Level 15.0 Maces & Flails
 + Level 16.7 Armour
 + Level 13.0 Dodging
 + Level 16.7 Shields
 + Level 16.0 Invocations


You had 19 spell levels left.
You didn't know any spells.

Dungeon Overview and Level Annotations

Branches:
Dungeon (15/15)            Temple (1/1) D:7            Lair (8/8) D:11
  Swamp (4/4) Lair:6       Spider (4/4) Lair:6        Slime (0/6) Lair:6
    Orc (4/4) D:10            Elf (0/3) Orc:4        Vaults (3/5) D:13
  Crypt (0/3) Vaults:2     Depths (0/5) D:15

Altars:
Ashenzari
Cheibriados
Dithmenos
Elyvilon
Kikubaaqudgha
Makhleb
Qazlal
Sif Muna
Vehumet
Yredelemnul
Zin
The Shining One
Beogh
Jiyva

Shops:
D:7 !   Orc:4 !!*[


Innate Abilities, Weirdness & Mutations

You are resistant to torment.
Your stone body is resilient (AC +15).
You are immune to poison.
Your large and strong wings let you fly indefinitely.
You resist negative energy.
You are resistant to electric shocks.
You can survive without breathing.
You are immune to petrification.
You are immune to rotting.
You have a pair of small horns on your head.
You tend to lose your temper in combat.
Your flesh is heat resistant.
You are resistant to hostile enchantments.
You are somewhat resistant to further mutation.
You are covered in fur (AC +1).
You regenerate slowly when monsters are visible.
Your muscles are strong. (Str +2)


Message History

Found a bread ration and 35 gold pieces.
You block the white very ugly thing's attack.
A kobold demonologist comes into view. It is wielding a dagger.
The kobold demonologist shouts!
The kobold demonologist looks sick.
You see here a bread ration.
o - 10 bread rations (gained 1)
You block the white very ugly thing's attack.
You feel a bit more experienced.
You see here 35 gold pieces.
The kobold demonologist miscasts a cantrip.
The orange demon screeches!
You block the white very ugly thing's attack.
The white very ugly thing is engulfed in roaring flames.
You hear a bellow!
The white very ugly thing is engulfed in roaring flames.
The white very ugly thing claws you!
* * * LOW HITPOINT WARNING * * *
The white very ugly thing freezes you!! You resist.
You die...

. .. .. .. . .. # #
#. .# #.#. .#.#.
#.# ##...##.#.##.#
. ........#...# .#
# ##@.§.###.##
##.#.u.§.#....#
#..§.#K#....# ##.
#....#..#..#.#....#
#.#####..h.##...# .
.##...5#§..#.#.
#...#...§.. #..
.#..##.#....###
##...#.#........


You could see a white very ugly thing, a hell hog, a kobold demonologist and an
ufetubus.

Vanquished Creatures
  Sojobo (Vaults:3)
  the Lernaean hydra (Swamp:4)
  Nikola (Swamp:3)
  Jory (Vaults:2)
  A bone dragon (Abyss:1)
  Arachne (Spider:4)
  Jorgrun (Swamp:3)
  A tentacled monstrosity (Swamp:4)
  A lich (Abyss:1)
  An Executioner (Abyss:1)
  3 thorn hunters
  2 tengu reavers (Vaults:3)
  The ghost of ReteAZ the Stickfighter, an adept GrGl of Okawaru (Spider:4)
  Donald (Swamp:1)
  7 vault wardens
  A frost giant (Vaults:2)
  A fire giant (Vaults:2)
  7 emperor scorpions
  An orc warlord (Orc:4)
  3 ghost moths (Spider:4)
  A war gargoyle (Vaults:2)
  10 ironheart preservers
  A very ugly thing (D:15)
  4 stone giants
  Snorg (Lair:5)
  2 crystal guardians (Vaults:3)
  4 fire dragons
  9 vault guards
  A rakshasa (Vaults:1)
  2 ice dragons (IceCv)
  3 small abominations
  28 hydras
  A yaktaur captain (Vaults:3)
  3 ghost crabs
  3 catoblepae (Lair:8)
  The ghost of Vergil the Thaumaturge, a journeyman VSAE of Vehumet (Lair:1)
  3 centaur warriors
  The ghost of Proton the Fighter, a journeyman GrFi of Qazlal (D:12)
  A deep troll shaman (Vaults:3)
  7 ogre magi
  10 death yaks (Lair:8)
  15 alligators
  A thrashing horror (Abyss:1)
  3 tengu warriors
  4 orc high priests (Orc:4)
  A vampire mage (D:15)
  A wretched star (Abyss:1)
  A soul eater (Abyss:1)
  8 skeletal warriors
  11 swamp dragons
  2 unseen horrors
  6 deep trolls
  5 shambling mangroves
  2 wizards
  2 wolf spider zombies (D:15)
  8 harpies (Vaults:3)
  12 orc knights
  5 orc sorcerers
  3 ironbrand convokers (Vaults:3)
  A giant orange brain (shapeshifter) (Vaults:1)
  12 hill giants
  A giant orange brain (Vaults:1)
  27 ugly things
  23 wolf spiders
  3 hornets
  12 orb spiders
  3 necromancers
  A stone giant zombie (D:15)
  A sixfirhy (Abyss:1)
  3 worldbinders (Abyss:1)
  An octopode (shapeshifter) (Vaults:1)
  4 cyclopes
  A shining eye (Abyss:1)
  11 elephants
  A moth of wrath (Spider:4)
  A manticore (D:14)
  6 griffons
  6 black mambas
  A black mamba (shapeshifter) (Vaults:1)
  17 spiny frogs
  2 ice statues (IceCv)
  7 vault sentinels
  Psyche (D:11)
  A gargoyle (Volcano)
  4 torpor snails
  23 yaktaurs
  2 smoke demons (Abyss:1)
  A molten gargoyle (Volcano)
  A spriggan zombie (D:15)
  7 kobold demonologists
  11 komodo dragons
  5 freezing wraiths
  2 fire drakes
  A tengu conjurer (D:12)
  A deep elf priest (Vaults:1)
  A guardian mummy (D:15)
  9 trolls
  9 demonic crawlers
  A yaktaur (shapeshifter) (D:15)
  18 jumping spiders
  The ghost of Oper80 the Insei, an amateur DsMo (Sewer)
  25 blink frogs
  A blue devil (Abyss:1)
  15 two-headed ogres
  A boulder beetle (Vaults:3)
  6 giant leeches
  2 bog bodies (Swamp:4)
  A trapdoor spider zombie (D:12)
  A centaur simulacrum (D:14)
  33 slime creatures
  A deep troll zombie (D:15)
  4 shadows
  A wyvern (D:13)
  45 redbacks
  19 trapdoor spiders
  4 spriggans
  A flying skull (Abyss:1)
  2 ynoxinuls (Abyss:1)
  2 wraiths
  A fire dragon skeleton (D:15)
  21 tarantellas
  4 basilisks
  8 deep elf magi
  A hungry ghost (D:7)
  A fire elemental (Volcano)
  18 humans (D:13)
  3 fire bats (Lair:4)
  18 hippogriffs
  A steam dragon (D:13)
  61 yaks
  3 deep elf fighters
  A chaos spawn (Abyss:1)
  5 wargs
  8 insubstantial wisps
  11 porcupines
  A soldier ant (D:14)
  11 water moccasins
  6 mottled dragons
  17 swamp worms
  13 vampire mosquitoes
  23 spiders
  17 ice beasts
  7 sky beasts
  60 orc warriors
  2 phantoms
  11 swamp drakes
  13 wasps
  A boggart (Vaults:3)
  3 eyes of draining
  A necrophage (D:12)
  33 ogres
  5 centaurs
  14 crocodiles
  A deep troll simulacrum (Vaults:2)
  5 big kobolds
  An elf skeleton (Abyss:1)
  2 gnoll sergeants
  29 giant frogs
  A water moccasin zombie (D:10)
  23 killer bees
  3 scorpions
  8 wights
  3 centaur zombies
  2 electric eels
  A giant frog zombie (D:9)
  8 starcursed masses (Abyss:1)
  5 centaur skeletons
  A jelly (D:9)
  9 crimson imps
  2 giant frog skeletons
  Crazy Yiuf (D:2)
  38 orc priests
  5 iguanas
  3 quasits
  A gnoll shaman (D:7)
  7 hounds
  Terence (D:2)
  40 orc wizards
  14 worker ants
  55 sheep
  A hound skeleton (D:10)
  20 gnolls
  46 river rats
  23 adders
  4 shadow imps
  An ufetubus (Abyss:1)
  13 white imps
  4 oozes
  An adder skeleton (D:9)
  3 worms (D:2)
  11 giant geckos
  253 orcs
  13 ball pythons
  9 bats
  8 giant cockroaches
  10 goblins
  4 hobgoblins
  15 jackals
  19 kobolds
  2 quokkas
  8 giant newts
  A jackal skeleton (D:7)
  2 quokka zombies
  29 rats
  2 briar patches (Swamp:2)
  A bush (Lair:5)
  A butterfly (Lair:7)
  52 fungi
  43 plants
1902 creatures vanquished.

Vanquished Creatures (collateral kills)
  A death yak (Lair:8)
1 creature vanquished.

Vanquished Creatures (others)
  A large abomination (Abyss:1)
  A tengu conjurer (D:14)
  A fire elemental (Volcano)
  3 insubstantial wisps (Swamp:3)
  A vampire mosquito (Swamp:1)
  A water moccasin (Lair:6)
  An orc warrior (Orc:4)
  2 wasps (Swamp:4)
  An ogre (Vaults:3)
  A white imp (Abyss:1)
  4 orcs
  7 fungi
  11 plants
35 creatures vanquished.

Grand Total: 1938 creatures vanquished

Notes
Turn   | Place    | Note
--------------------------------------------------------------
     0 | D:1      | Proton the Gargoyle Fighter began the quest for the Orb.
     0 | D:1      | Reached XP level 1. HP: 14/14 MP: 1/1
    77 | D:1      | Reached XP level 2. HP: 17/19 MP: 2/2
   545 | D:2      | Noticed Terence
   569 | D:2      | Killed Terence
   569 | D:2      | Reached XP level 3. HP: 15/23 MP: 3/3
   580 | D:2      | Found a stormy altar of Qazlal.
   593 | D:2      | Became a worshipper of Qazlal Stormbringer
   699 | D:1      | Reached skill level 4 in Shields
   724 | D:1      | Reached skill level 1 in Dodging
   724 | D:1      | Reached XP level 4. HP: 26/29 MP: 4/4
  1464 | D:2      | Reached * piety under Qazlal
  1648 | D:2      | Noticed Crazy Yiuf
  1666 | D:2      | Killed Crazy Yiuf
  1666 | D:2      | Reached skill level 1 in Invocations
  1666 | D:2      | Reached XP level 5. HP: 19/33 MP: 5/5
  1795 | D:3      | Found a basalt altar of Yredelemnul.
  1981 | D:3      | Found a snail-covered altar of Cheibriados.
  2903 | D:4      | Found a shattered altar of Ashenzari.
  2924 | D:4      | Reached XP level 6. HP: 36/38 MP: 5/7
  3300 | D:4      | Reached skill level 5 in Armour
  3300 | D:4      | Reached XP level 7. HP: 44/44 MP: 8/8
  3616 | D:5      | Entered Level 5 of the Dungeon
  3670 | D:5      | Found a shadowy altar of Dithmenos.
  3827 | D:5      | Reached ** piety under Qazlal
  3841 | D:5      | Found an ancient bone altar of Kikubaaqudgha.
  3841 | D:5      | Found a basalt altar of Yredelemnul.
  3949 | D:5      | Reached skill level 5 in Shields
  4161 | D:5      | Reached skill level 5 in Fighting
  4442 | D:6      | Found a glowing drain.
  4497 | Sewer    | Entered a sewer
  4497 | Sewer    | Noticed Oper80's ghost (amateur DsMo)
  4519 | Sewer    | Killed Oper80's ghost
  4519 | Sewer    | Reached XP level 8. HP: 22/49 MP: 8/10
  4951 | Sewer    | Reached *** piety under Qazlal
  5264 | D:6      | Reached skill level 6 in Armour
  5342 | D:6      | Reached **** piety under Qazlal
  5353 | D:6      | Reached XP level 9. HP: 44/55 MP: 12/12
  5414 | D:6      | Found a white marble altar of Elyvilon.
  5579 | D:6      | Found a radiant altar of Vehumet.
  5967 | D:7      | Reached skill level 5 in Maces & Flails
  6200 | D:7      | Found a staircase to the Ecumenical Temple.
  6248 | Temple   | Entered the Ecumenical Temple
  6266 | D:7      | Found a white marble altar of Elyvilon.
  6307 | D:7      | Reached skill level 5 in Invocations
  6348 | D:7      | Reached skill level 7 in Armour
  6597 | D:7      | Found Bugon's Distillery.
  6605 | D:7      | Bought a potion of mutation for 37 gold pieces
  6605 | D:7      | Bought a potion of heal wounds for 75 gold pieces
  6605 | D:7      | Bought 2 potions of heal wounds for 150 gold pieces
  6605 | D:7      | Bought a potion of might for 60 gold pieces
  6607 | D:7      | Gained mutation: You tend to lose your temper in combat. [potion of mutation]
  6607 | D:7      | Gained mutation: You are somewhat resistant to further mutation. [potion of mutation]
  6969 | D:8      | Reached XP level 10. HP: 54/61 MP: 14/14
  7741 | D:9      | Gained mutation: You are somewhat resistant to both further mutation and mutation removal. [mutagenic meat]
  7745 | D:9      | Gained mutation: You are robust (+10% HP). [mutagenic meat]
  7772 | D:9      | Reached skill level 5 in Dodging
  8432 | D:9      | Reached ***** piety under Qazlal
  8518 | D:10     | Entered Level 10 of the Dungeon
  8531 | D:10     | Reached skill level 8 in Armour
  8605 | D:10     | Noticed a hill giant
  8835 | D:10     | Killed a hill giant
  8835 | D:10     | Reached XP level 11. HP: 62/74 MP: 14/16
  9073 | D:10     | Got a crude plate armour
  9161 | D:10     | Killed an unseen horror
  9175 | D:11     | Got a bone flail
  9510 | D:10     | Identified the +4 flail of Debt {crush, *Noise rN+ MP+9 SInv} (You found it on level 11 of the Dungeon)
  9522 | D:10     | Identified the +6 plate armour of the Last Wishes {rF++} (You found it on level 10 of the Dungeon)
  9551 | D:10     | Found a staircase to the Orcish Mines.
  9714 | D:10     | Noticed a hill giant
  9723 | D:10     | Killed a hill giant
 10212 | D:11     | Noticed Psyche
 10224 | D:11     | Reached skill level 9 in Fighting
 10225 | D:11     | Killed Psyche
 10476 | D:11     | Noticed a hill giant
 10486 | D:11     | Killed a hill giant
 10592 | D:11     | Found a staircase to the Lair.
 11076 | D:12     | Reached XP level 12. HP: 80/83 MP: 18/18
 11490 | D:12     | Reached ****** piety under Qazlal
 11531 | D:12     | Noticed Proton's ghost (journeyman GrFi)
 11564 | D:12     | Killed Proton's ghost
 11814 | D:12     | Noticed a tengu warrior
 11826 | D:12     | Killed a tengu warrior
 12150 | D:13     | Reached skill level 10 in Shields
 12422 | D:13     | Noticed a vault guard
 12425 | D:13     | Noticed a vault guard
 12429 | D:13     | Killed a vault guard
 12429 | D:13     | Reached skill level 10 in Fighting
 12429 | D:13     | Reached skill level 10 in Armour
 12436 | D:13     | Paralysed by a wizard for 3 turns
 12441 | D:13     | Killed a vault guard
 12443 | D:13     | Paralysed by a wizard for 4 turns
 12454 | D:13     | Reached XP level 13. HP: 90/90 MP: 19/19
 12518 | D:13     | Noticed a vault guard
 12519 | D:13     | Found a gate to the Vaults.
 12550 | D:13     | Killed a vault guard
 13135 | D:14     | Reached skill level 10 in Invocations
 13143 | D:14     | Reached skill level 11 in Shields
 13803 | D:15     | Entered Level 15 of the Dungeon
 13803 | D:15     | Noticed a cyan very ugly thing
 14111 | D:15     | Killed a white very ugly thing
 14111 | D:15     | Reached skill level 10 in Maces & Flails
 14111 | D:15     | Gained mutation: Your large and strong wings let you fly indefinitely. [Gargoyle growth]
 14111 | D:15     | Reached XP level 14. HP: 63/99 MP: 21/21
 14141 | D:15     | Gained mutation: You are covered in fur (AC +1). [mutagenic meat]
 14531 | D:15     | Found a staircase to the Depths.
 15081 | Lair:1   | Entered Level 1 of the Lair of Beasts
 15116 | Lair:1   | Noticed Vergil's ghost (journeyman VSAE)
 15127 | Lair:1   | Killed Vergil's ghost
 15422 | Lair:1   | Got a shimmering ring mail
 15433 | Lair:1   | Identified the +3 ring mail "Dimoza" {rCorr Int+4} (You found it on level 1 of the Lair of Beasts)
 15725 | Lair:2   | Got a slimy ring mail
 15798 | Lair:2   | Identified the cursed +1 ring mail of Gauroiso {rElec rN+ MR+} (You found it on level 2 of the Lair of Beasts)
 15938 | Lair:2   | Got a bloodstained shield
 15954 | Lair:2   | Identified the cursed +0 shield of Filth {rElec Int+10} (You found it on level 2 of the Lair of Beasts)
 16279 | Lair:2   | Got a pitted cloak
 16290 | Lair:2   | Identified the +1 cloak "Eliprisk" {rElec MP+9 Stlth+} (You found it on level 2 of the Lair of Beasts)
 16508 | Lair:2   | Reached skill level 12 in Armour
 17380 | Lair:4   | Found a dark tunnel.
 17389 | Volcano  | Entered a volcano
 18395 | Lair:5   | Noticed Snorg
 18407 | Lair:5   | Killed Snorg
 18407 | Lair:5   | Reached XP level 15. HP: 94/105 MP: 23/23
 19209 | Lair:2   | Got a twisted swamp dragon armour
 19220 | Lair:2   | Identified the +6 swamp dragon armour of Negligence {rPois rF- MP-9 Dex+8 Slay+2} (You found it on level 2 of the Lair of Beasts)
 19458 | Lair:6   | Found a hole to the Spider Nest.
 19585 | Lair:6   | Found a staircase to the Swamp.
 19698 | Lair:6   | Found a glowing golden altar of the Shining One.
 19846 | Lair:6   | Found a viscous altar of Jiyva.
 19846 | Lair:6   | Found a staircase to the Slime Pits.
 20875 | Lair:8   | Entered Level 8 of the Lair of Beasts
 21135 | Lair:8   | Reached skill level 13 in Armour
 21306 | Lair:8   | Reached XP level 16. HP: 33/113 MP: 25/25
 22348 | D:10     | Lost mutation: You are somewhat resistant to both further mutation and mutation removal. [mutagenic meat]
 22366 | Orc:1    | Entered Level 1 of the Orcish Mines
 22506 | Orc:2    | Found a frozen archway.
 22561 | IceCv    | Entered an ice cave
 23145 | Orc:3    | Found a roughly hewn altar of Beogh.
 24097 | Orc:1    | Reached skill level 10 in Dodging
 24156 | Orc:1    | Found a roughly hewn altar of Beogh.
 24542 | Orc:4    | Entered Level 4 of the Orcish Mines
 24621 | Orc:4    | Found Biroum's Distillery.
 24639 | Orc:4    | Bought a potion of mutation for 37 gold pieces
 24639 | Orc:4    | Bought a potion of might for 60 gold pieces
 24651 | Orc:4    | Found a roughly hewn altar of Beogh.
 24807 | Orc:4    | Found Mistrag's Distillery.
 24812 | Orc:4    | Bought a potion of might for 56 gold pieces
 25393 | Orc:4    | Found Naopp's Antique Armour Boutique.
 25436 | Orc:4    | Found Adut's General Store.
 25530 | Orc:4    | Found a roughly hewn altar of Beogh.
 26194 | Orc:4    | Found a staircase to the Elven Halls.
 26917 | Spider:1 | Entered Level 1 of the Spider Nest
 28270 | Spider:2 | Reached XP level 17. HP: 104/121 MP: 26/26
 29056 | Spider:3 | Reached skill level 14 in Armour
 29533 | Spider:4 | Entered Level 4 of the Spider Nest
 29541 | Spider:4 | Noticed ReteAZ's ghost (adept GrGl)
 29550 | Spider:4 | Noticed Arachne
 30157 | Spider:4 | Killed Arachne
 30198 | Spider:4 | Killed ReteAZ's ghost
 30764 | Spider:4 | Got a gossamer rune of Zot
 31077 | Swamp:1  | Entered Level 1 of the Swamp
 31194 | Swamp:1  | Noticed Donald
 31259 | Swamp:1  | Killed Donald
 31412 | Swamp:1  | Reached XP level 18. HP: 120/128 MP: 28/28
 32852 | Swamp:3  | Noticed Jorgrun
 32871 | Swamp:3  | Reached skill level 15 in Shields
 32873 | Swamp:3  | Killed Jorgrun
 33495 | Swamp:3  | Reached skill level 15 in Armour
 33634 | Swamp:3  | Noticed Nikola
 33656 | Swamp:3  | Killed Nikola
 33941 | Swamp:4  | Entered Level 4 of the Swamp
 34026 | Swamp:4  | Noticed a tentacled monstrosity
 34052 | Swamp:4  | Killed a tentacled monstrosity
 34052 | Swamp:4  | Reached skill level 15 in Fighting
 34511 | Swamp:4  | Noticed the 27-headed Lernaean hydra
 34521 | Swamp:4  | Killed the 27-headed Lernaean hydra
 35092 | Swamp:4  | Reached XP level 19. HP: 103/136 MP: 30/30
 35278 | Swamp:4  | Got a decaying rune of Zot
 35943 | Vaults:1 | Entered Level 1 of the Vaults
 36035 | Vaults:1 | Gained mutation: You have a pair of small horns on your head. [mutagenic meat]
 36241 | Vaults:1 | Gained mutation: You are resistant to hostile enchantments. [mutagenic meat]
 36242 | Vaults:1 | Lost mutation: You tend to lose your temper in combat. [mutagenic meat]
 36245 | Vaults:1 | Gained mutation: You regenerate slowly when monsters are visible. [mutagenic meat]
 36246 | Vaults:1 | Gained mutation: Your flesh is heat resistant. [mutagenic meat]
 36722 | Vaults:1 | Reached skill level 15 in Invocations
 36826 | Vaults:1 | Gained mutation: You do not regenerate naturally when monsters are visible. [mutagenic meat]
 36827 | Vaults:1 | Lost mutation: You do not regenerate naturally when monsters are visible. [mutagenic meat]
 36831 | Vaults:1 | Lost mutation: You are robust (+10% HP). [mutagenic meat]
 36837 | Vaults:1 | Gained mutation: Your muscles are strong. (Str +2) [mutagenic meat]
 37834 | Vaults:2 | Reached skill level 16 in Shields
 37861 | Vaults:2 | Noticed Jory
 37913 | Vaults:2 | Killed Jory
 38322 | Vaults:2 | Reached XP level 20. HP: 116/131 MP: 31/31
 38475 | Vaults:2 | Found a staircase to the Crypt.
 39726 | Vaults:3 | Noticed Sojobo
 39767 | Vaults:3 | Killed Sojobo
 40488 | Vaults:3 | Cast into the Abyss (a deep elf sorcerer)
 40631 | Abyss:1  | Reached skill level 15 in Maces & Flails
 40707 | Abyss:1  | Gained mutation: You tend to lose your temper in combat. [a shining eye]
 40752 | Abyss:1  | Noticed a bone dragon
 40799 | Abyss:1  | Killed a bone dragon
 40883 | Abyss:1  | Slain by a white very ugly thing

Vault maps used:
D:1:      tarquinn_simple_flora_water_b, serial_park_tiny_1,
          minmay_misc_feat_secret_circle
D:2:      nicolae_overflow_crystal_walls, uniq_terence, uniq_crazy_yiuf_cottage
D:3:      lemuel_doored_altar, serial_forest, infiniplex_forest_side_room,
          infiniplex_forest_end_3, infiniplex_forest_straight_2,
          infiniplex_forest_clump_cross, infiniplex_forest_clump_small,
          infiniplex_forest_zigzag_1, yredelemnul_altar_generic
D:4:      nicolae_ashenzari_panopticon
D:5:      grunt_dithmenos_smoke_and_mirrors, gammafunk_temple_overflow_statue,
          first_bread, minmay_misc_feat_roman
D:6:      fiery_altar_vehumet, kennysheep_mini_moat, gup_sewer_entry_pipe,
          minivault_1
D:7:      minmay_temple_entry_overgrown, serial_shops, nicolae_shop_waterfront,
          grunt_ogre_cave, elyvilon_altar_4
D:10:     hiddenorc1_lemuel
D:11:     minmay_misc_feat_nine_boxes, uniq_psyche
D:13:     grunt_vaults_entry_tiered
D:14:     minivault_23
D:15:     gammafunk_depths_entry_grave, serial_bayou_pond_d, item_on_display_a
Temple:   circular_temple_12
Lair:2:   grunt_megastairs_4
Lair:4:   nicolae_volcano_entry_batcave, pond
Lair:5:   serial_bayou_lake_a, uniq_snorg
Lair:6:   swamp_mist, dummy_spider_entry, dpeg_slime_entry_enclosed_altar,
          basic_altar
Lair:7:   lemuel_fruit_fields
Lair:8:   evilmike_catoblepas_cave, lemuel_fruit_tree, grunt_megastairs_3,
          infiniplex_staircase_pool_2
Swamp:1:  evilmike_swamp_ruin_rubble_2, swamp_pool3, grunt_hermit_hut,
          uniq_donald
Swamp:2:  hangedman_swamp_lotus
Swamp:3:  evilmike_swamp_ruin_house_6, uniq_jorgrun, uniq_nikola
Swamp:4:  swamp_old_school, nicolae_swamp_hydra_murder_den
Spider:1: nicolae_spider_nook
Spider:4: grunt_spider_rune_circles, uniq_arachne
Orc:1:    basic_altar, nicolae_orc_rockfall
Orc:2:    portal_ice_cave_entry_imps
Orc:3:    serial_shops, nicolae_orc_pool_cavern, mines1_david
Orc:4:    pubby_orc_utopia
Vaults:1: v_alt_pattern_4, v_misc_1, v_misc_1, hangedman_vaults_restitches,
          hangedman_vaults_slice, v_misc_10
Vaults:2: st_check, nicolae_vaults_alarming, v_misc_17,
          ontoclasm_vaults_ring_square, ontoclasm_vaults_chip, v_misc_25,
          ontoclasm_vaults_spin, vaults_standard_mumra_enter_the_diamond,
          v_misc_16, hangedman_vaults_stretched_pinwheel,
          ontoclasm_vaults_shuriken, hangedman_vaults_stretched_pinwheel,
          ontoclasm_vaults_eye, v_misc_2, vaults_room_stairs_pillars, uniq_jory
Vaults:3: vaults_room_grunt_arrival_ludios, hangedman_vaults_locks, v_pattern_3,
          nicolae_vaults_display_case, hangedman_vaults_stretched_pinwheel,
          nicolae_vaults_big_angled_halls, v_misc_28, hangedman_vaults_snaps,
          v_misc_32, nicolae_vaults_big_angled_halls,
          nicolae_vaults_shelves_hall, serial_shops, nicolae_shop_trees,
          uniq_sojobo
Abyss:1:  minivault_26
Sewer:    sewer_minmay_w
IceCv:    ice_cave_small_dragons
Volcano:  volcano_overflow

Action                   |  1- 3 |  4- 6 |  7- 9 | 10-12 | 13-15 | 16-18 | 19-21 || total
-------------------------+-------+-------+-------+-------+-------+-------+-------++-------
Melee: Flail             |    84 |   327 |   580 |   547 |  1479 |  2342 |  1420 ||  6779
       Whip              |       |       |       |   346 |       |       |       ||   346
Invok: Upheaval          |       |       |     1 |     1 |       |       |       ||     2
       Elemental Force   |       |       |       |       |     1 |     1 |       ||     2
       Disaster Area     |       |       |       |       |       |     7 |     4 ||    11
 Abil: Fly               |       |       |       |       |     1 |     5 |       ||     6
  Use: Scroll            |       |       |     3 |     1 |    21 |    15 |     1 ||    41
       Potion            |       |       |     1 |       |       |     2 |     1 ||     4
 Stab: Confused          |       |       |       |       |       |     2 |       ||     2
  Eat: Bread ration      |       |     2 |     1 |     1 |     2 |     2 |     2 ||    10
       Fruit             |       |     3 |       |     2 |     1 |     2 |     4 ||    12
       Meat ration       |       |       |     2 |     2 |     2 |     5 |     1 ||    12
       Chunk             |       |       |       |     9 |     9 |     3 |    37 ||    58
       Beef jerky        |       |       |       |     2 |     7 |     4 |     2 ||    15
       Pizza             |       |       |       |     1 |     1 |     3 |       ||     5
       Royal jelly       |       |       |       |       |     1 |     1 |       ||     2
